 Dungeon Crawl Stone Soup version 0.22.1-6-g1668fe2 (webtiles) character file.

4643 Kairos the Cleaver (level 10, -6/53 HPs)
             Began as a Vine Stalker Fighter on Jan 23, 2019.
             Was a Follower of Okawaru.
             Mangled by a two-headed ogre
             ... wielding a +0 giant club
              (14 damage)
             ... on level 8 of the Dungeon.
             The game lasted 00:12:05 (8180 turns).

Kairos the Cleaver (Vine Stalker Fighter)           Turns: 8180, Time: 00:12:05

Health: -6/53      AC: 10    Str: 21    XL:     10   Next: 43%
Magic:  0/11       EV: 10    Int: 11    God:    Okawaru [*.....]
Gold:   382        SH: 11    Dex: 15    Spells: 9/9 levels left

rFire    . . .     SeeInvis +   a - +2 war axe
rCold    . . .     Gourm    .   c - +0 shield
rNeg     . . .     Faith    .   b - +2 scale mail
rPois    .         Spirit   +   (no helmet)
rElec    .         Reflect  .   h - +0 cloak
rCorr    .         Harm     .   (no gloves)
MR       ++...                  (no boots)
Stlth    ..........             (no amulet)
HPRegen  0.97/turn              I - +3 ring of intelligence
MPRegen  0.12/turn              t - ring of protection from magic

@: no status effects
A: fangs 3, see invisible, blink, regeneration 2, magic shield, antimagic bite,
no potion heal 3, rot immunity
a: Blink, Heroism, Renounce Religion


You were on level 8 of the Dungeon.
You worshipped Okawaru.
Okawaru was aware of your devotion.
You were not hungry.

You visited 2 branches of the dungeon, and saw 9 of its levels.
You also visited: Ossuary.

You collected 382 gold pieces.

Inventory:

Hand Weapons
 a - a +2 war axe (weapon)
Armour
 b - a +2 scale mail (worn)
 c - a +0 shield (worn)
 h - a +0 cloak (worn)
Jewellery
 q - an uncursed ring of see invisible
 t - a ring of protection from magic (right hand)
 G - an uncursed amulet of the gourmand
 H - an uncursed ring of fire
 I - a +3 ring of intelligence (left hand)
Wands
 e - a wand of polymorph (10)
 k - a wand of digging (22)
 m - a wand of acid (5)
 C - a wand of iceblast (10)
 F - a wand of random effects (12)
 J - a wand of paralysis (14)
Scrolls
 n - 4 scrolls of random uselessness
 o - 2 scrolls of enchant armour
 w - 2 scrolls of blinking
 x - a scroll of amnesia
 y - a scroll of fear
 z - 3 scrolls of immolation
 D - 4 scrolls of teleportation
 E - 5 scrolls of remove curse
Potions
 d - 2 potions of might
 g - 2 potions of flight
 i - 2 potions of degeneration
 l - a potion of lignification
 p - 2 potions of mutation
 r - a potion of cancellation
 s - 3 potions of ambrosia
 u - a potion of berserk rage {unknown}
 v - a potion of haste {unknown}
 A - a potion of curing
 B - 2 potions of agility
Comestibles
 f - 10 rations


   Skills:
 + Level 5.9 Fighting
 + Level 9.5 Axes
 + Level 5.3 Armour
 + Level 3.2 Dodging
 + Level 0.9 Stealth
 + Level 6.2 Shields


You had 9 spell levels left.
You didn't know any spells.
Your spell library was empty.

Dungeon Overview and Level Annotations

Branches:
Dungeon (8/15)             Temple (1/1) D:6
   Lair: D:8-11

Altars:
Ashenzari
Cheibriados
Dithmenos
Elyvilon
Fedhas
Gozag
Hepliaklqana
Kikubaaqudgha
Makhleb
Nemelex Xobeh
Okawaru
Ru
Sif Muna
Trog
Vehumet
Xom
Yredelemnul
Zin
The Shining One


Innate Abilities, Weirdness & Mutations

You have razor-sharp teeth.
You heal very quickly.
When hurt, damage is shared between your health and your magic reserves.
Your bite disrupts and absorbs the magic of your enemies.
Potions cannot restore your health.
You are immune to rotting.
You have supernaturally acute eyesight. (SInv)
You can translocate small distances at will.


Message History

You see here an arrow.
The centaur shoots an arrow.
You block the arrow.
You see here an arrow.
The two-headed ogre barely misses you. The two-headed ogre closely misses you.
You slash the two-headed ogre!
You bite the two-headed ogre, but do no damage.
The two-headed ogre is lightly wounded.
The centaur shoots an arrow.
You block the arrow.
The centaur shoots an arrow.
You block the arrow.
You hit the two-headed ogre. Your bite misses the two-headed ogre.
The two-headed ogre is moderately wounded.
The centaur shoots an arrow.
The arrow hits you! The two-headed ogre barely misses you.
You block the two-headed ogre's attack.
You slash the two-headed ogre!
The two-headed ogre is moderately wounded.
The centaur shoots an arrow.
You block the arrow.
The two-headed ogre hits you with a giant club!!
* * * LOW HITPOINT WARNING * * *
The two-headed ogre hits you with a giant spiked club!
You die...

##...###..... ##....###
#............. ##...##
...##......... ##....#
#####......##.# ###...#..# #
##......###..##(...##.....
.##.......##.....(?.###.....#
................(..###..###..
#...............(^...... #.
##..............@......#
................O..###..#
.............?c...## .#
..................# .
....##............#
....####..........# .....##
..........# ......#
.......... .###..#


You could see a two-headed ogre and a centaur.

Vanquished Creatures
  A hornet (D:7)
  A hungry ghost (D:6)
  2 wraiths (Ossuary)
  Duvessa (D:4)
  4 orc warriors
  A water moccasin (D:8)
  4 sky beasts
  A necrophage (D:6)
  A black bear (D:7)
  2 centaurs
  An ogre (D:6)
  A big kobold (D:5)
  A gnoll sergeant (D:7)
  2 bullfrogs (D:7)
  A wyvern zombie (D:7)
  Dowan (D:4)
  A water moccasin skeleton (D:8)
  4 scorpions
  6 killer bees (D:7)
  4 wights (Ossuary)
  A howler monkey (D:4)
  A jelly (D:8)
  A quasit (D:8)
  A bullfrog skeleton (D:6)
  A centaur skeleton (D:8)
  Crazy Yiuf (D:2)
  6 hounds
  11 orc priests
  11 orc wizards
  An iguana (D:4)
  3 worker ants
  A hound zombie (D:5)
  A mummy (D:6)
  Robin (D:3)
  18 gnolls
  2 worker ant zombies
  10 adders
  2 shadow imps
  2 oozes
  An adder skeleton (D:6)
  2 adder zombies
  7 worms
  2 leopard geckos
  36 orcs
  3 giant cockroaches
  14 goblins
  5 hobgoblins
  4 jackals (D:8)
  6 quokkas
  A ball python skeleton (Ossuary)
  3 bats (D:2)
  3 frilled lizards
  A jackal skeleton (D:8)
  14 kobolds
  2 kobold zombies (Ossuary)
  An orc skeleton (Ossuary)
  2 orc zombies (Ossuary)
  2 quokka skeletons
  8 rats
232 creatures vanquished.

Notes
Turn   | Place    | Note
-------+----------+-------------------------------------------
     0 | D:1      | Kairos the Vine Stalker Fighter began the quest for the
                  | Orb.
     0 | D:1      | Reached XP level 1. HP: 11/11 MP: 2/2
   227 | D:1      | Reached XP level 2. HP: 16/16 MP: 3/3
   805 | D:2      | Reached skill level 2 in Axes
   855 | D:2      | Reached XP level 3. HP: 17/19 MP: 4/4
  1081 | D:2      | Gained mutation: Your natural rate of healing is unusually
                  | fast. [Vine Stalker growth]
  1081 | D:2      | Reached XP level 4. HP: 22/24 MP: 5/5
  1221 | D:2      | Reached XP level 5. HP: 19/28 MP: 4/6
  1235 | D:2      | Found a runed door.
  1359 | D:2      | Reached skill level 3 in Axes
  1520 | D:2      | Noticed Crazy Yiuf
  1526 | D:2      | Killed Crazy Yiuf
  1731 | D:3      | Reached skill level 1 in Dodging
  1744 | D:3      | Reached XP level 6. HP: 2/32 MP: 0/7
  2270 | D:3      | Noticed Robin
  2280 | D:3      | Killed Robin
  2591 | D:4      | Reached skill level 4 in Axes
  2616 | D:4      | HP: 1/33 [gnoll/halberd (2)]
  2625 | D:4      | Reached XP level 7. HP: 4/37 MP: 5/8
  3138 | D:4      | Noticed Duvessa
  3139 | D:4      | Noticed Dowan
  3152 | D:4      | Killed Dowan
  3152 | D:4      | Reached skill level 5 in Axes
  3154 | D:4      | Killed Duvessa
  3784 | D:4      | Gained mutation: You have razor-sharp teeth. [Vine Stalker
                  | growth]
  3784 | D:4      | Reached XP level 8. HP: 35/42 MP: 7/9
  3857 | D:5      | Entered Level 5 of the Dungeon
  3951 | D:5      | Reached skill level 6 in Axes
  4739 | D:6      | Reached skill level 7 in Axes
  4776 | D:6      | Found a hazy altar of Hepliaklqana.
  4864 | D:6      | Found a sand-covered staircase.
  4869 | D:6      | Reached XP level 9. HP: 46/46 MP: 10/10
  4873 | Ossuary  | Entered an ossuary
  5303 | Ossuary  | Reached skill level 5 in Shields
  5550 | D:6      | Found a staircase to the Ecumenical Temple.
  5565 | D:6      | Reached skill level 8 in Axes
  5578 | Temple   | Entered the Ecumenical Temple
  5647 | Temple   | Became a worshipper of Warmaster Okawaru
  6026 | D:7      | Reached skill level 5 in Fighting
  6210 | D:7      | Reached skill level 5 in Armour
  6213 | D:7      | Reached * piety under Okawaru
  6613 | D:7      | Found an opulent altar of Gozag.
  6639 | D:7      | Reached XP level 10. HP: 6/51 MP: 4/11
  6759 | D:7      | Found an opulent altar of Gozag.
  6792 | D:7      | Reached skill level 9 in Axes
  6990 | D:7      | Paralysed by a hornet for 1 turns
  6993 | D:7      | Paralysed by a hornet for 2 turns
  7466 | D:7      | Gained mutation: You heal very quickly. [potion of
                  | mutation]
  7466 | D:7      | Gained mutation: You are partially covered in large bone
                  | plates. (SH +4) [potion of mutation]
  7467 | D:7      | Lost mutation: You are partially covered in large bone
                  | plates. (SH +4) [potion of mutation]
  7467 | D:7      | Gained mutation: You can translocate small distances at
                  | will. [potion of mutation]
  7467 | D:7      | Gained mutation: You have supernaturally acute eyesight.
                  | (SInv) [potion of mutation]
  8174 | D:8      | Noticed a two-headed ogre
  8180 | D:8      | Mangled by a two-headed ogre

Skill      XL: |  1  2  3  4  5  6  7  8  9 10 |
---------------+-------------------------------+-----
Shields        | 3 4 5 6 |  6.2
Axes           | 2 3 4 5 7 8 9 |  9.5
Fighting       | 3 4 5 |  5.9
Armour         | 3 4 5 |  5.3
Dodging        | 1 2 3 |  3.2
Stealth        | |  0.9

Action                   |  1- 3 |  4- 6 |  7- 9 | 10-12 || total
-------------------------+-------+-------+-------+-------++-------
Melee: War axe           |    94 |   144 |   343 |   115 ||   696
       Bite              |    24 |    35 |   111 |    34 ||   204
Invok: Heroism           |       |       |       |     2 ||     2
  Use: Scroll            |     2 |     4 |     4 |     9 ||    19
       Potion            |       |       |     1 |     2 ||     3
  Eat: Chunk             |       |     5 |    10 |     5 ||    20
       Ration            |       |       |     3 |       ||     3
Armor: Scale mail        |    44 |    59 |   135 |    36 ||   274
Dodge: Dodged            |    35 |    43 |   108 |    59 ||   245
Block: Shield            |    62 |    77 |   192 |    70 ||   401
